 Dungeon Crawl Stone Soup version 0.17.0-1-g61d176b (console) character file.

2873 siepu the Cleaver (level 9, -13/69 (70) HPs)
             Began as a Minotaur Air Elementalist on Nov 7, 2015.
             Was an Elder of Ru.
             Mangled by a spatial maelstrom (14 damage)
             ... on level 1 of the Abyss.
             The game lasted 00:20:25 (7557 turns).

siepu the Cleaver (Minotaur Air Elementalist)       Turns: 7557, Time: 00:20:26

HP:   -13/69 (70)   AC: 12    Str: 15    XL:     9   Next: 47%
MP:   0/10          EV: 11    Int: 12    God:    Ru [****..]
Gold: 575           SH:  0    Dex: 12    Spells: 1 memorised, 9 levels left

rFire  x . .     SeeInvis .     I - +0 broad axe
rCold  x . .     Clarity  .     M - +2 ring mail {MR+}
rNeg   + . .     SustAt   .     (no shield)
rPois  +         Gourm    .     (helmet restricted)
rElec  .         Spirit   +     (no cloak)
rCorr  .         Warding  .     z - +2 pair of gloves
rMut   .         Stasis   .     G - +1 pair of boots
MR     +....                    d - amulet of guardian spirit
Stlth  +.........               t - ring of poison resistance
                                p - ring of positive energy

@: extremely horrified, somewhat resistant to hostile enchantments, very
unstealthy
A: retaliatory headbutt, horns 2, cowardly, temperature sensitive
a: Draw Out Power, Power Leap, Renounce Religion


You were on level 1 of the Abyss.
You worshipped Ru.
Ru was greatly pleased with you.
You were not hungry.

You visited 2 branches of the dungeon, and saw 9 of its levels.
You visited the Abyss 1 time.

You collected 575 gold pieces.

Inventory:

Hand Weapons
 h - a +0 war axe
 I - a +0 broad axe (weapon)
Missiles
 s - 3 silver tomahawks
 C - a poisoned tomahawk (quivered)
Armour
 z - a +2 pair of gloves (worn)
 G - a +1 pair of boots (worn)
 J - a +0 plate armour
 K - a +2 ring mail of fire resistance
 M - a +2 ring mail of magic resistance (worn)
Jewellery
 d - an amulet of guardian spirit (around neck)
 e - an uncursed amulet of resist mutation
 p - a ring of positive energy (left hand)
 t - a ring of poison resistance (right hand)
 E - an uncursed ring of fire
Wands
 a - a wand of polymorph (6)
 H - a wand of draining (15)
Scrolls
 f - 2 scrolls of enchant armour
 l - a scroll of immolation
 n - 6 scrolls of remove curse
 D - 2 scrolls of teleportation
Potions
 g - a potion of lignification
 m - a potion of heal wounds
 u - a potion of ambrosia
 v - a potion of resistance {unknown}
 w - a potion of mutation {unknown}
 A - 3 potions of curing
 B - a potion of berserk rage {unknown}
 F - a potion of agility {unknown}
Books
 b - a book of Air

   Spells                             Type                      Level
   a - Shock                          Conjuration/Air              1
   b - Swiftness                      Charms/Air                   2
   c - Repel Missiles                 Charms/Air                   2
   d - Static Discharge               Conjuration/Air              3
   e - Lightning Bolt                 Conjuration/Air              5
Comestibles
 c - 7 bread rations
 j - 3 meat rations
 L - 2 slices of pizza
 O - 5 fruits


   Skills:
 + Level 3.4 Fighting
 - Level 14.1 Axes
 + Level 2.0 Armour
 + Level 3.1 Dodging
 - Level 1.5 Stealth
 - Level 1.3 Spellcasting
 - Level 0.6 Conjurations
 - Level 2.1 Air Magic


You had 9 spell levels left.
You knew the following spells:

 Your Spells              Type           Power        Failure   Level  Hunger
a - Shock                 Conj/Air       #...         34%         1    ##.....


Dungeon Overview and Level Annotations

Branches:
Dungeon (8/15)             Temple (1/1) D:5
   Lair: D:8-11

Altars:
Ashenzari
Cheibriados
Elyvilon
Fedhas
Gozag
Kikubaaqudgha
Makhleb
Nemelex Xobeh
Okawaru
Qazlal
Ru
Sif Muna
Trog
Xom
Yredelemnul
Zin
The Shining One

Shops:
D:4 }((

Annotations:
D:3 1 runed door


Innate Abilities, Weirdness & Mutations

You reflexively headbutt those who attack you in melee.
You have a pair of horns on your head.
Your cowardice makes you less effective in combat with threatening monsters.
You are sensitive to extremes of temperature (rF-, rC-).


Message History

You start resting.
You feel a twist of horror at the sight of this foe.
You feel a twist of horror at the sight of this foe.
Put on which piece of jewellery? (? for menu, Esc to quit)
Okay, then.
A spatial vortex comes into view.
The spatial maelstrom hits you! Space bends around you.
The spatial maelstrom hits you. Space bends around you.
You reel with horror at the sight of these foes!
A spatial vortex comes into view.
The spatial maelstrom hits you!
* * * LOW HITPOINT WARNING * * *
Space warps horribly around you!
* * * LOW HITPOINT WARNING * * *
The spatial maelstrom hits you but does no damage.
The spatial maelstrom barely misses you.
The spatial maelstrom hits you.
* * * LOW HITPOINT WARNING * * *
Space warps horribly around you!
You die...

.#... .....#
#.....# #
#.....##.
#...##.#####
##.v....v...##
#....._......#
..#......v.#.###
........@..###
....######## ###
##


You could see a spatial maelstrom and 2 spatial vortices.

Vanquished Creatures
  The ghost of Dustman the Poker, a novice HuGl (D:5)
  Sigmund (D:5)
  2 hippogriffs (D:7)
  Edmund (D:5)
  A water moccasin (D:6)
  2 necrophages (D:7)
  An orc warrior (D:5)
  4 ogres
  A centaur (D:7)
  2 giant frogs (D:6)
  The ghost of ololoev the Firebug, an amateur DEFE of Vehumet (D:3)
  A scorpion (D:4)
  A killer bee (D:7)
  6 crimson imps
  A jelly (D:6)
  A giant frog skeleton (D:7)
  2 hounds (D:5)
  A centaur skeleton (D:4)
  3 orc priests
  4 orc wizards
  6 worker ants
  A hound zombie (D:3)
  2 hound skeletons (D:5)
  2 worker ant zombies
  3 gnolls (D:4)
  6 adders
  An ooze (D:2)
  4 worms
  24 orcs
  4 giant cockroaches
  4 hobgoblins
  2 jackals (D:2)
  3 quokkas
  2 ball pythons
  4 bats
  4 giant geckos
  6 giant newts
  4 goblins
  6 kobolds
  13 rats
138 creatures vanquished.

Vanquished Creatures (others)
  An iron imp (Abyss:1)
  A giant newt (D:3)
2 creatures vanquished.

Grand Total: 140 creatures vanquished

Notes
Turn   | Place    | Note
--------------------------------------------------------------
     0 | D:1      | siepu the Minotaur Air Elementalist began the quest for the Orb.
     0 | D:1      | Reached XP level 1. HP: 14/14 MP: 1/1
   176 | D:1      | Reached skill level 1 in Fighting
   396 | D:1      | Reached XP level 2. HP: 16/24 MP: 3/3
   910 | D:2      | Found a sacrificial altar of Ru.
   948 | D:2      | Reached skill level 1 in Axes
   986 | D:2      | Became a worshipper of Ru the Awakened
  1071 | D:2      | Reached XP level 3. HP: 30/30 MP: 4/4
  1490 | D:3      | Reached skill level 3 in Axes
  1551 | D:3      | Found a sparkling altar of Nemelex Xobeh.
  1623 | D:3      | Found a white marble altar of Elyvilon.
  1623 | D:3      | Found a runed door.
  1623 | D:3      | Noticed an angel
  1725 | D:3      | Reached XP level 4. HP: 28/37 MP: 5/5
  1820 | D:3      | Found a faded altar to an unknown god.
  1832 | D:3      | Reached skill level 4 in Axes
  1896 | D:4      | Found Haapnu's Gadget Emporium.
  2058 | D:4      | Found an iron altar of Okawaru.
  2086 | D:4      | Gained mutation: Your cowardice makes you less effective in combat with threatening monsters. [Ru sacrifice]
  2086 | D:4      | Reached * piety under Ru
  2168 | D:4      | Reached XP level 5. HP: 32/42 MP: 6/6
  2173 | D:4      | Reached skill level 5 in Axes
  2259 | D:4      | Found Osiuruv's Weapon Shoppe.
  2452 | D:4      | Found Jeehyuwn's Weapon Emporium.
  2493 | D:4      | Reached skill level 6 in Axes
  2674 | D:4      | Reached XP level 6. HP: 40/50 MP: 5/7
  2867 | D:3      | Noticed ololoev's ghost (amateur DEFE)
  2882 | D:3      | Killed ololoev's ghost
  2882 | D:3      | Reached skill level 7 in Axes
  3477 | D:5      | Entered Level 5 of the Dungeon
  3501 | D:5      | Found a basalt altar of Yredelemnul.
  3506 | D:5      | Noticed Sigmund
  3528 | D:5      | Noticed Dustman's ghost (novice HuGl)
  3529 | D:5      | Noticed Edmund
  4003 | D:5      | Reached skill level 8 in Axes
  4117 | D:5      | Killed Edmund
  4117 | D:5      | Reached XP level 7. HP: 50/56 MP: 5/8
  4240 | D:5      | Killed Sigmund
  4240 | D:5      | Reached skill level 9 in Axes
  4461 | D:5      | Killed Dustman's ghost
  4461 | D:5      | Reached skill level 10 in Axes
  4461 | D:5      | Reached XP level 8. HP: 16/62 MP: 3/9
  4634 | D:5      | Found a staircase to the Ecumenical Temple.
  4643 | Temple   | Entered the Ecumenical Temple
  5047 | D:5      | Reached skill level 11 in Axes
  5514 | D:6      | Reached skill level 12 in Axes
  5525 | D:6      | Gained mutation: You are sensitive to extremes of temperature (rF-, rC-). [Ru sacrifice]
  5525 | D:6      | Reached ** piety under Ru
  5525 | D:6      | Reached *** piety under Ru
  5525 | D:6      | Reached **** piety under Ru
  5782 | D:6      | Reached skill level 13 in Axes
  6040 | D:7      | Reached XP level 9. HP: 65/68 MP: 10/10
  6609 | D:7      | Found a glowing golden altar of the Shining One.
  6963 | D:6      | Reached skill level 14 in Axes
  7133 | D:7      | Reached skill level 1 in Armour
  7383 | D:7      | Cast into the Abyss (orc warrior)
  7527 | Abyss:1  | Found a burning altar of Makhleb.
  7550 | Abyss:1  | Noticed a spatial maelstrom
  7555 | Abyss:1  | HP: 2/69 [spatial maelstrom (8)]
  7557 | Abyss:1  | Mangled by a spatial maelstrom

Action                   |  1- 3 |  4- 6 |  7- 9 || total
-------------------------+-------+-------+-------++-------
Melee: Unarmed           |    47 |       |       ||    47
       Hand axe          |    72 |   116 |       ||   188
       War axe           |       |    50 |    74 ||   124
       Broad axe         |       |       |   141 ||   141
Throw: Tomahawk          |       |       |    14 ||    14
Invok: Sacrifice Courage |       |     1 |       ||     1
       Sacrifice Resista |       |       |     1 ||     1
  Use: Scroll            |       |       |    16 ||    16
  Eat: Chunk             |     3 |     6 |     8 ||    17
       Pizza             |       |     1 |       ||     1
       Fruit             |       |       |     2 ||     2
       Beef jerky        |       |       |     1 ||     1
